 Dungeon Crawl Stone Soup version 0.21.1-1-g345015f (webtiles) character file.

322 kae the Chopper (level 6, -3/55 HPs)
             Began as a Hill Orc Fighter on June 1, 2018.
             Slain by a mummy (15 damage)
             ... in an ossuary.
             The game lasted 00:01:48 (2399 turns).

kae the Chopper (Hill Orc Fighter)                  Turns: 2399, Time: 00:01:49

Health: -3/55      AC:  7    Str: 26    XL:     6   Next: 47%
Magic:  6/6        EV:  8    Int:  8    God:
Gold:   151        SH:  9    Dex: 10    Spells: 5/5 levels left

rFire    . . .     SeeInvis .   a - +0 war axe
rCold    . . .     Gourm    .   c - +0 shield
rNeg     . . .     Faith    .   b - +0 scale mail
rPois    .         Spirit   .   (no helmet)
rElec    .         Reflect  .   (no cloak)
rCorr    .         Harm     .   (no gloves)
MR       .....                  (no boots)
Stlth    ..........             (no amulet)
HPRegen  0.18/turn              (no ring)
MPRegen  0.10/turn              (no ring)

@: mighty
A: no striking features
a: no special abilities


You were in an ossuary.
You were not hungry.

You visited 1 branch of the dungeon, and saw 4 of its levels.
You also visited: Ossuary.

You collected 151 gold pieces.

Inventory:

Hand Weapons
 a - a +0 war axe (weapon)
Armour
 b - a +0 scale mail (worn)
 c - a +0 shield (worn)
Jewellery
 h - an uncursed amulet of magic regeneration {unknown}
Scrolls
 e - 2 scrolls of fog {unknown}
 g - 5 scrolls of magic mapping {unknown}
 i - a scroll of blinking {unknown}
 k - 4 scrolls of teleportation {unknown}
 m - 2 scrolls of identify {unknown}
 n - a scroll of remove curse {unknown}
 p - a scroll of amnesia {unknown}
Potions
 d - a potion of might
 j - 3 potions of curing {unknown}
 o - a potion of degeneration {unknown}
Comestibles
 f - 6 rations


   Skills:
 + Level 4.9 Fighting
 * Level 5.9 Axes
 + Level 4.5 Armour
 + Level 2.0 Dodging
 - Level 3.2 Shields


You had 5 spell levels left.
You didn't know any spells.

Dungeon Overview and Level Annotations

Branches:
Dungeon (4/15)
 Temple: D:4-7

Altars:
Dithmenos
Gozag
Nemelex Xobeh
Ru
Uskayaw
Yredelemnul


Message History

A mummy comes into view.
You barely miss the mummy. The mummy hits you!
* * * LOW HITPOINT WARNING * * *
You hit the mummy.
The mummy is moderately damaged.
You block the mummy's attack.
You barely miss the mummy.
The mummy is moderately damaged.
You block the mummy's attack.
You slash the mummy!
You destroy the mummy!
You hit the mummy.
The mummy is lightly damaged.
You hit the mummy.
The mummy is moderately damaged.
You block the mummy's attack.
You slash the mummy!
The mummy is almost destroyed.
The mummy hits you!
You die...

############
##...........
##....@M####
#......##..## ..
#.....##....##....
#.................
##...............
##.............
#+##........#
##......# ##....##


You could see a mummy.

Vanquished Creatures
  2 orc wizards (D:3)
  2 worker ants (D:4)
  A big kobold zombie (Ossuary)
  6 mummies (Ossuary)
  5 adders
  An ooze (D:3)
  2 dart slugs
  2 leopard geckos
  4 orcs
  A ball python (D:1)
  3 giant cockroaches
  3 gnoll zombies (Ossuary)
  2 goblins (D:1)
  5 hobgoblins
  4 jackals (D:3)
  9 kobolds
  3 quokkas
  6 bats
  8 frilled lizards
  A kobold zombie (Ossuary)
  3 orc zombies (Ossuary)
  A quokka skeleton (D:4)
  11 rats
85 creatures vanquished.

Notes
Turn   | Place    | Note
-------+----------+-------------------------------------------
     0 | D:1      | kae the Hill Orc Fighter began the quest for the Orb.
     0 | D:1      | Reached XP level 1. HP: 19/19 MP: 1/1
   135 | D:1      | Reached skill level 3 in Axes
   156 | D:1      | Reached XP level 2. HP: 27/27 MP: 2/2
   552 | D:1      | Reached XP level 3. HP: 29/33 MP: 3/3
   933 | D:2      | Found a basalt altar of Yredelemnul.
  1018 | D:2      | Found a faded altar of an unknown god.
  1061 | D:2      | Reached skill level 4 in Axes
  1208 | D:2      | Reached skill level 1 in Dodging
  1208 | D:2      | Reached XP level 4. HP: 36/40 MP: 4/4
  1326 | D:2      | Found an opulent altar of Gozag.
  1330 | D:2      | Found a sparkling altar of Nemelex Xobeh.
  1463 | D:3      | Reached XP level 5. HP: 40/47 MP: 5/5
  1566 | D:3      | Reached skill level 5 in Axes
  1591 | D:3      | Found a shadowy altar of Dithmenos.
  1620 | D:3      | Found a sacrificial altar of Ru.
  2083 | D:4      | Found a hide-covered altar of Uskayaw.
  2116 | D:4      | Found a sand-covered staircase.
  2120 | Ossuary  | Entered an ossuary
  2131 | Ossuary  | Reached XP level 6. HP: 53/53 MP: 6/6
  2399 | Ossuary  | Slain by a mummy

Skill      XL: |  1  2  3  4  5  6 |
---------------+-------------------+-----
Axes           | 3 4 5 |  5.9
Fighting       | 4 |  4.9
Dodging        | 1 2 |  2.0
Armour         | 4 |  4.5
Shields        | |  3.2

Action                   |  1- 3 |  4- 6 || total
-------------------------+-------+-------++-------
Melee: War axe           |   110 |   126 ||   236
Throw: Throwing net      |       |     2 ||     2
  Use: Potion            |       |     1 ||     1
  Eat: Chunk             |       |     5 ||     5
Armor: Scale mail        |    42 |    55 ||    97
Dodge: Dodged            |    37 |    42 ||    79
Block: Shield            |    54 |    59 ||   113
